 Dungeon Crawl Stone Soup version 0.22-a0-282-gdd34a7d (webtiles) character file.

393 Deeps the Chopper (level 6, -2/57 HPs)
             Began as a Minotaur Gladiator on Mar 17, 2018.
             Was a Follower of Okawaru.
             Killed from afar by Sigmund (7 damage)
             ... with a magic dart
             ... on level 4 of the Dungeon.
             The game lasted 00:02:52 (2085 turns).

Deeps the Chopper (Minotaur Gladiator)              Turns: 2085, Time: 00:02:53

Health: -2/57      AC:  8    Str: 25    XL:     6   Next: 51%
Magic:  5/5        EV:  9    Int:  5    God:    Okawaru [*.....]
Gold:   168        SH:  0    Dex: 12    Spells: 5/5 levels left

rFire    + . .     SeeInvis .   u - +2 hand axe (elec)
rCold    + . .     Gourm    .   (no shield)
rNeg     . . .     Faith    .   q - +0 chain mail
rPois    +         Spirit   .   c - +0 hat
rElec    +         Reflect  .   (no cloak)
rCorr    +         Harm     .   (no gloves)
MR       .....                  (no boots)
Stlth    ..........             (no amulet)
HPRegen  0.19/turn              (no ring)
MPRegen  0.09/turn              (no ring)

@: mighty, resistant, slowed, very slow
A: retaliatory headbutt, horns 2
a: Heroism, Renounce Religion


You were on level 4 of the Dungeon.
You worshipped Okawaru.
Okawaru was aware of your devotion.
You were near starving.

You visited 1 branch of the dungeon, and saw 4 of its levels.

You collected 168 gold pieces.

Inventory:

Hand Weapons
 a - a +0 war axe
 u - a +2 hand axe of electrocution (weapon)
Missiles
 d - 3 throwing nets (quivered)
Armour
 b - a +0 leather armour
 c - a +0 hat (worn)
 q - a +0 chain mail (worn)
Scrolls
 e - 4 scrolls of teleportation {unknown}
 j - 2 scrolls of blinking {unknown}
 m - 5 scrolls of remove curse {unknown}
 n - 2 scrolls of magic mapping {unknown}
 t - 4 scrolls of identify {unknown}
Potions
 g - 4 potions of degeneration {unknown}
 i - a potion of invisibility {unknown}
 k - 3 potions of curing {unknown}
 l - a potion of flight {unknown}
 o - a potion of brilliance {unknown}
 p - 2 potions of agility {unknown}
 r - a potion of lignification {unknown}
 s - a potion of berserk rage {unknown}
Comestibles
 f - 9 rations


   Skills:
 + Level 6.2 Fighting
 + Level 6.8 Axes
 - Level 2.0 Throwing
 - Level 3.2 Dodging


You had 5 spell levels left.
You didn't know any spells.

Dungeon Overview and Level Annotations

Branches:
Dungeon (4/15)
 Temple: D:4-7

Altars:
Ashenzari
Dithmenos
Okawaru
Zin

Annotations:
D:4 Sigmund


Innate Abilities, Weirdness & Mutations

You reflexively headbutt those who attack you in melee.
You have a pair of horns on your head.


Message History

Sigmund hits you but does no damage.
The orc wizard gestures wildly while chanting.
The orc wizard blinks!
Unknown command.
Wield which item (- for none, * to show all)? (? for menu, Esc to quit)
Okay, then.
It was a potion of might.
You feel very mighty all of a sudden.
Sigmund casts a spell.
Sigmund flickers and vanishes!
Deactivating autopickup; reactivate with Ctrl-A.
Unknown command.
You hit something. Your headbutt misses something. You slash the orc wizard!
Lightning courses through the orc wizard!
You kill the orc wizard!
Okawaru accepts your kill.
You hear some strange, mumbled words.
A magic dart appears from out of thin air!
The magic dart hits you!
You die...

#.# #.# ##.#####.#
#.# .........# #.#
##.#####.###.#
#...........#
........#####
#######.# ####.##
#.###########.......
#......)@{..)[#
###############


There were no monsters in sight!

Vanquished Creatures
  A phantom (D:4)
  A scorpion (D:4)
  2 orc priests
  An orc wizard (D:4)
  Jessica (D:2)
  Terence (D:3)
  4 adders
  3 worms
  2 dart slugs
  2 leopard geckos (D:2)
  7 orcs
  3 giant cockroaches (D:2)
  8 goblins
  8 hobgoblins
  6 kobolds
  A quokka (D:2)
  8 bats
  A frilled lizard (D:2)
  8 rats
68 creatures vanquished.

Notes
Turn   | Place    | Note
-------+----------+-------------------------------------------
     0 | D:1      | Deeps the Minotaur Gladiator began the quest for the Orb.
     0 | D:1      | Reached XP level 1. HP: 18/18 MP: 0/0
   117 | D:1      | Reached XP level 2. HP: 25/25 MP: 1/1
   473 | D:2      | Found a shadowy altar of Dithmenos.
   619 | D:2      | Noticed Jessica
   625 | D:2      | Killed Jessica
   625 | D:2      | Reached XP level 3. HP: 30/33 MP: 2/2
   675 | D:2      | Reached skill level 5 in Axes
   675 | D:2      | Reached XP level 4. HP: 39/40 MP: 3/3
   786 | D:2      | Found a shattered altar of Ashenzari.
   855 | D:2      | Found a glowing silver altar of Zin.
  1087 | D:3      | Noticed Terence
  1094 | D:3      | Killed Terence
  1094 | D:3      | Reached XP level 5. HP: 41/47 MP: 4/4
  1102 | D:3      | Found an iron altar of Okawaru.
  1138 | D:3      | Became a worshipper of Warmaster Okawaru
  1244 | D:3      | Reached skill level 5 in Fighting
  1884 | D:4      | Noticed a phantom
  1902 | D:4      | Killed a phantom
  1902 | D:4      | Reached * piety under Okawaru
  1902 | D:4      | Reached XP level 6. HP: 37/57 MP: 5/5
  2065 | D:4      | Noticed Sigmund
  2085 | D:4      | Killed from afar by Sigmund

Vault maps used:
D:1:      minmay_arrival_hallway
D:2:      marbit_many_paths, overflow_temple_1_default,
          grunt_dithmenos_smoke_and_mirrors, minmay_joined_circles, uniq_jessica
D:3:      lemuel_round_altar, first_ration, bh_walls_and_bars, uniq_terence
D:4:      bloody_trog, minmay_temple_entry_fiery, uniq_sigmund, uniq_edmund,
          uniq_grinder, uniq_blork_the_orc

Skill      XL: |  1  2  3  4  5  6 |
---------------+-------------------+-----
Axes           | 4 5 6 |  6.8
Fighting       | 3 4 5 6 |  6.2
Throwing       | |  2.0
Dodging        | |  3.2

Action                   |  1- 3 |  4- 6 || total
-------------------------+-------+-------++-------
Melee: War axe           |    47 |    33 ||    80
       Headbutt          |     5 |    20 ||    25
       Hand axe          |       |    59 ||    59
  Use: Potion            |       |     2 ||     2
  Eat: Chunk             |       |     2 ||     2
Armor: Leather armour    |     4 |       ||     4
       Chain mail        |     6 |    69 ||    75
Dodge: Dodged            |    38 |    50 ||    88

Table legend:
 A = Spawn XP
 B = Non-spawn XP
 C = Spawn XP percentage of total XP
 D = Spawn monster count
 E = Non-spawn monster count
 F = Spawn count percentage of total count
 G = Total turns spent on level
                    A         B        C        D         E        F      G
               +---------+---------+-------+---------+---------+-------+---------
         Total |       0 |     562 |   0.0 |       0 |      68 |   0.0 |  2085
               +---------+---------+-------+---------+---------+-------+---------
           D:1 |       0 |      21 |   0.0 |       0 |      11 |   0.0 |   436
           D:2 |       0 |     128 |   0.0 |       0 |      30 |   0.0 |   648
           D:3 |       0 |     130 |   0.0 |       0 |      20 |   0.0 |   799
           D:4 |       0 |     283 |   0.0 |       0 |       7 |   0.0 |   202
               +---------+---------+-------+---------+---------+-------+---------
